 Dungeon Crawl Stone Soup version 0.19.5 (webtiles) character file.

71 JeffiDaFish the Covered (level 4, -4/28 HPs)
             Began as a Gargoyle Fighter on Nov 7, 2017.
             Killed by divine providence
             ... invoked by an orc priest
              (15 damage)
             ... on level 3 of the Dungeon.
             The game lasted 00:04:08 (1422 turns).

JeffiDaFish the Covered (Gargoyle Fighter)          Turns: 1422, Time: 00:04:08

Health: -4/28      AC: 10    Str: 20    XL:     4   Next: 24%
Magic:  4/4        EV:  7    Int:  8    God:
Gold:   85         SH:  9    Dex: 10    Spells: 0 memorised, 3 levels left

rFire  . . .     SeeInvis .     a - +0 flail
rCold  . . .     Gourm    .     b - +0 scale mail
rNeg   + . .     Faith    .     c - +0 shield
rPois  ∞         Spirit   .     (no helmet)
rElec  +         Reflect  .     (no cloak)
rCorr  .         Harm     .     (no gloves)
MR     .....                    (no boots)
Stlth  ..........               (no amulet)
                                (no ring)
                                (no ring)

@: no status effects
A: negative energy resistance 1, electricity resistance, unbreathing,
petrification resistance, rot immunity, AC +3
a: no special abilities


You were on level 3 of the Dungeon.
You were very hungry.

You visited 1 branch of the dungeon, and saw 3 of its levels.

You collected 85 gold pieces.

Inventory:

Hand Weapons
 a - a +0 flail (weapon)
Armour
 b - a +0 scale mail (worn)
 c - a +0 shield (worn)
Wands
 j - a wand of polymorph (3/24)
Scrolls
 e - 3 scrolls of identify
 h - a scroll of amnesia
Potions
 d - a potion of might
 i - a potion of heal wounds
Comestibles
 f - a bread ration


   Skills:
 + Level 3.5 Fighting
 + Level 3.1 Maces & Flails
 + Level 3.7 Armour
 + Level 0.8 Dodging
 + Level 3.7 Shields


You had 3 spell levels left.
You didn't know any spells.

Dungeon Overview and Level Annotations

Branches:
Dungeon (3/15)

Altars:


Innate Abilities, Weirdness & Mutations

You are resistant to torment.
Your stone body is resilient. (AC +3)
You are immune to poison.
You resist negative energy. (rN+)
You are resistant to electric shocks. (rElec)
You can survive without breathing.
You are immune to petrification.
You are immune to rotting.


Message History

The shadow imp shouts, "Quit, thou droning nut-hook guttersnipe!"
The orc shouts!
The ball python barely misses you. x2; The goblin hits you but does no damage.
The ball python bites you but does no damage.
The ball python barely misses you. The goblin barely misses you.
You are feeling very hungry.
You completely miss the orc. The ball python bites you.
The ball python grabs you. The ball python constricts you.
The orc priest invokes the aid of Beogh against you.
Beogh smites you!
Ouch! That really hurt!
You block the goblin's attack. The orc hits you but does no damage.
The ball python completely misses you. The ball python constricts you.
You escape the ball python's grasp.
The orc priest looks braver for a moment.
There is a stone staircase leading up here.
The orc priest calls down the wrath of Beogh upon you.
Beogh smites you!
Ouch! That really hurt!
You die...

.(..........?
.........<..# #
............##.#
.......#.......#
.......#5.......
###..o.#........
.....og#........
.....oSg@.......
......o####.#...
#.##... #...
#... ####


You could see an orc priest, a shadow imp, 3 orcs, a hobgoblin, a goblin and a
ball python.

Vanquished Creatures
  2 adders (D:2)
  3 dart slugs
  2 leopard geckos
  A ball python (D:2)
  A bat (D:1)
  6 hobgoblins
  7 jackals (D:1)
  A quokka (D:2)
  A frilled lizard (D:1)
  9 goblins
  5 kobolds
  A rat (D:1)
39 creatures vanquished.

Notes
Turn   | Place    | Note
-------+----------+-------------------------------------------
     0 | D:1      | JeffiDaFish the Gargoyle Fighter began the quest for the Orb.
     0 | D:1      | Reached XP level 1. HP: 14/14 MP: 1/1
    74 | D:1      | Reached XP level 2. HP: 19/19 MP: 2/2
   349 | D:1      | Reached XP level 3. HP: 23/23 MP: 3/3
   997 | D:2      | Reached XP level 4. HP: 24/28 MP: 4/4
  1422 | D:3      | Killed from afar by an orc priest

Skill      XL: |  1  2  3  4 |
---------------+-------------+-----
Maces & Flails | 3 |  3.1
Fighting       | |  3.5
Armour         | |  3.7
Dodging        | |  0.8
Shields        | |  3.7

Action                   |  1- 3 |  4- 6 || total
-------------------------+-------+-------++-------
Melee: Flail             |   139 |    27 ||   166
  Use: Scroll            |     7 |       ||     7
       Potion            |     1 |       ||     1
  Eat: Chunk             |     1 |       ||     1
Armor: Scale mail        |    70 |    18 ||    88
Dodge: Dodged            |    41 |    15 ||    56
Block: Shield            |    68 |    19 ||    87
